 Dungeon Crawl Stone Soup version 0.30.0-5-g1a98f26d00 (webtiles) character file.

Game seed: 11913696020405422653

188287 Daunt the Convoker (level 19, -3/116 HPs)
             Began as a Kobold Air Elementalist on May 8, 2023.
             Was the Champion of Nemelex Xobeh.
             Killed from afar by a quicksilver dragon (30 damage)
             ... with a bolt of dispelling energy
             ... on level 4 of the Snake Pit on May 9, 2023.
             The game lasted 05:40:02 (42883 turns).

Daunt the Convoker (Kobold Air Elementalist)       Turns: 42883, Time: 05:40:02

Health: -3/116     AC:  9    Str:  8    XL:     19   Next: 24%
Magic:  25/33      EV: 23    Int: 26    God:    Nemelex Xobeh [******]
Gold:   1773       SH: 11    Dex: 19    Spells: 1/39 levels left

rFire   . . .        a - +7 quick blade (freeze)
rCold   . . .        H - +0 buckler
rNeg    . . .        Z - +1 robe of Vines {NoPotionHeal Regen++++}
rPois   +            J - +0 helmet
rElec   .            U - +0 cloak {rPois}
rCorr   .            N - +1 pair of gloves
SInv    .            (no boots)
Will    +....        f - amulet "Rukhog" {Reflect rPois Dex+2 SH+5}
Stlth   ++++++       p - ring of wizardry
HPRegen 3.59/turn    B - +6 ring of intelligence
MPRegen 0.23/turn

%: reflection, wizardry (x1)
@: studying Ice Magic
A: small, no large weapons, nightstalker 3
a: Renounce Religion, Draw Escape, Draw Destruction, Draw Summoning, Draw Stack,
Triple Draw, Deal Four, Stack Five


You were on level 4 of the Snake Pit.
You worshipped Nemelex Xobeh.
Nemelex Xobeh was exalted by your worship.
You visited 5 branches of the dungeon, and saw 30 of its levels.
You also visited: Gauntlet and Ice Cave.

You collected 3404 gold pieces.
You spent 1631 gold pieces at shops.

Inventory:

Hand Weapons
 a - a +7 quick blade of freezing (weapon)
 b - the +10 scimitar of the Thing {spect, Fly rElec Str+3}
   (You took it off a minotaur in a Gauntlet)

   Str:       It affects your strength (+3).
   rElec:     It insulates you from electricity.
   Fly:       It grants you flight.
 c - the +11 dagger of the Harvest {flame, Will++}
   (You took it off a centaur on level 8 of the Dungeon)

   Will:      It greatly increases your willpower.
Missiles
 h - 13 atropa-tipped darts
 F - a curare-tipped dart
 I - 7 throwing nets
Armour
 H - a +0 buckler (worn)
 J - a +0 helmet (worn)
 N - a +1 pair of gloves (worn)
 R - a +2 kite shield of cold resistance
 U - a +0 cloak of poison resistance (worn)
 Z - the +1 robe of Vines (worn) {NoPotionHeal Regen++++}
   (You found it on level 11 of the Dungeon)

   NoPotionHeal: Its wearer cannot be healed by potions.
   Regen:     It increases your rate of health regeneration.
Jewellery
 e - a ring of willpower
 f - the amulet "Rukhog" (around neck) {Reflect rPois Dex+2 SH+5}
   (You found it in a Gauntlet)

   [amulet of reflection]

   It reflects blocked missile attacks.
   Dex:       It affects your dexterity (+2).
   rPois:     It protects you from poison.
   SH:        It affects your SH (+5).
 p - a ring of wizardry (left hand)
 B - a +6 ring of intelligence (right hand)
 W - a ring of protection from cold
 X - a ring of protection from fire
Wands
 t - a wand of paralysis (43)
 C - a wand of iceblast (19)
 D - a wand of digging (11)
 G - a wand of light (13)
 O - a wand of polymorph (24)
 Y - a wand of flame (8)
Scrolls
 i - 2 scrolls of fear
 j - 9 scrolls of fog
 m - 8 scrolls of magic mapping
 r - 3 scrolls of poison
 s - 7 scrolls of teleportation
 u - 5 scrolls of blinking
 v - 5 scrolls of immolation
 w - a scroll of silence
 y - 5 scrolls of amnesia
 K - a scroll of butterflies
 S - 3 scrolls of vulnerability
 T - 4 scrolls of enchant armour
Potions
 d - 7 potions of cancellation
 g - 10 potions of curing
 k - 4 potions of mutation
 n - 3 potions of attraction
 o - 2 potions of flight
 q - 9 potions of haste
 z - 6 potions of brilliance
 A - 4 potions of resistance
 E - 4 potions of ambrosia
 L - a potion of invisibility
 P - a potion of magic
 Q - 5 potions of might
 V - 4 potions of lignification
Miscellaneous
 l - a lightning rod (4/4)
 x - a phial of floods
 M - a tin of tremorstones (2/2)


   Skills:
 - Level 12.1 Fighting
 - Level 10.0(10.4) Short Blades
 - Level 2.9(5.0) Long Blades
 + Level 9.0 Armour
 + Level 12.3 Dodging
 - Level 10.3 Stealth
 - Level 6.0 Shields
 - Level 10.8 Spellcasting
 - Level 3.0 Conjurations
 - Level 5.0 Hexes
 - Level 15.0 Summonings
 - Level 3.0 Translocations
 - Level 8.0 Air Magic
 - Level 14.2 Invocations
 - Level 8.0 Evocations


You had one spell level left.
You knew the following spells:

 Your Spells              Type           Power      Damage    Failure   Level
a - Shock                 Conj/Air       100%       1d9       1%          1
b - Blink                 Tloc           58%        N/A       1%          2
e - Summon Cactus Giant   Summ           37%        N/A       1%          6
f - Summon Forest         Summ/Tloc      28%        N/A       1%          5
g - Summon Guardian Gole  Hex/Summ       60%        N/A       1%          3
h - Summon Hydra          Summ           37%        N/A       4%          7
k - Airstrike             Air            27%        2d(4-20)  1%          4
l - Summon Lightning Spi  Summ/Air       65%        N/A       1%          4
t - Tukima's Dance        Hex            40%        N/A       1%          3
w - Swiftness             Air            54%        N/A       1%          3

Your spell library contained the following spells:

 Spells                   Type           Power      Damage    Failure   Level
 Summon Small Mammal      Summ           100%       N/A       0%          1
 Sandblast                Erth           28%        2d8       2%          1
 Lesser Beckoning         Tloc           58%        N/A       1%          2
 Momentum Strike          Conj/Tloc      58%        3d9       1%          2
 Static Discharge         Conj/Air       84%        2-6/arc   1%          2
 Call Canine Familiar     Summ           75%        N/A       1%          3
 Portal Projectile        Hex/Tloc       68%        N/A       1%          3
 Animate Armour           Summ/Erth      100%       N/A       1%          4
 Summon Mana Viper        Hex/Summ       60%        N/A       1%          5
 Sublimation of Blood     Necr           14%        N/A       4%          2
 Wereblood                Tmut           14%        N/A       4%          2
 Passage of Golubria      Tloc           29%        N/A       8%          4
 Anguish                  Hex/Necr       13%        N/A       9%          4
 Animate Dead             Necr           14%        N/A       24%         4
 Olgreb's Toxic Radiance  Pois           14%        N/A       24%         4
 Yara's Violent Unravell  Hex/Tmut       13%        3d7       24%         5
 Borgnjor's Vile Clutch   Necr/Erth      7%         N/A       52%         5
 Iron Shot                Conj/Erth      10%        9d3       87%         6
 Enfeeble                 Hex            20%        N/A       92%         7
 Death Channel            Necr           7%         N/A       97%         6
 Discord                  Hex            20%        N/A       100%        8
 Ignition                 Fire           7%         3d4       100%        8


Dungeon Overview and Level Annotations

Branches:
Dungeon (15/15)            Temple (0/1) D:4            Lair (5/5) D:9
 Shoals (4/4) Lair:3        Snake (4/4) Lair:3        Slime (0/5) Lair:4
    Orc (2/2) D:12            Elf (0/3) Orc:2        Vaults (0/5) D:13
 Depths (0/4) D:15          IceCv (visited)         Gauntlet (visited)

Altars:
Ashenzari
Nemelex Xobeh
Okawaru
Ru
Trog
Uskayaw
Yredelemnul
Zin
The Shining One
Jiyva

Shops:
D:3 !   D:6 [   D:10 !:   Orc:2 [!?[   Shoals:1 (   Shoals:2 [   Snake:2 ***

Annotations:
Shoals:1 exclusion: kraken
Abyss:1 Fannar


Innate Abilities, Weirdness & Mutations

You are small and have problems with some larger weapons.
You are completely attuned to the shadows.


Message History

The bolt of dispelling energy misses you.
Unknown command.
Unknown command.
Casting: Summon Cactus Giant (dangerous; 1% risk of failure)
Confirm with . or Enter, or press ? or * to list all spells.
A seven-headed hydra appears.
You block the quicksilver dragon's attack.
The quicksilver dragon claws you!
The quicksilver dragon completely misses you.
You block the quicksilver dragon's attack.
The quicksilver dragon breathes dispelling energy at you.
The bolt of dispelling energy hits you!!
The quicksilver dragon completely misses you. x2
Unknown command.
Unknown command.
Casting: Summon Hydra (dangerous; 4% risk of failure)
Confirm with . or Enter, or press ? or * to list all spells.
You blink.
Okay, then.
Unknown command.
Okay, then.
Unknown command.
You feel yourself speed up.
The quicksilver dragon barely misses you. x2
The quicksilver dragon breathes dispelling energy at you.
The bolt of dispelling energy hits you!!
Your magical effects are unravelling.
* * * LOW HITPOINT WARNING * * *
The quicksilver dragon bites you but does no damage.
The quicksilver dragon claws you!
* * * LOW HITPOINT WARNING * * *
Blink to where?
Press: ? - help, Dir - move target
As you read the scroll of blinking, it crumbles to dust.
You feel yourself slow down.
You feel stable enough to blink again.
The quicksilver dragon breathes dispelling energy at you.
The bolt of dispelling energy hits you!!
You die...
Your body glows with a rainbow of weird colours and disappears.

##..........###...###..........#
#....##'##...###†###...##'##....
#...##...##..##...##..##...##...
##..#.....#..#..)..#..#.....#..#
...#8.⌠..)..#..8..#..'..⌠.8#...
#...#.....#..##...##..#.....#...
##.8.###).##'##..###.8.##..#
##### #')).....'#.#####..##
#...##8@).8##...##...##
...##.......##......##
..##...#.#...##..#### ##
#.D#####..##### ##D.###..##
#D..#D..# ##§.#..## #8.D.8#
##.φ.##


You could see 2 quicksilver dragons.

Vanquished Creatures
  A shadow dragon (Shoals:1)
  Polyphemus (Shoals:2)
  A ghost moth (Shoals:1)
  The ghost of Kalaber the Brawler, a journeyman TrFi of Qazlal (Lair:3)
  Nessos (Lair:5)
  A minotaur (Gauntlet)
  An ettin (D:15)
  3 merfolk javelineers
  A merfolk impaler (Shoals:3)
  Josephine (D:10)
  Erolcha (D:12)
  Harold (D:10)
  A salamander tyrant (Snake:2)
  3 hydras
  3 merfolk avatars
  Erica (D:8)
  3 catoblepae
  3 anacondas
  3 merfolk aquamancers
  4 centaur warriors
  2 boulder beetles
  A satyr (Shoals:3)
  An alligator snapping turtle (Shoals:3)
  3 naga warriors
  2 tengu warriors (D:15)
  A two-headed ogre (D:11)
  3 orc high priests (Orc:2)
  9 death yaks
  7 shock serpents
  Urug (Lair:5)
  6 naga sharpshooters
  Amaemon (D:8)
  2 skysharks
  A fire crab (Lair:3)
  An orange crystal statue (Gauntlet)
  6 sea snakes
  A deep troll (D:15)
  A wizard (D:15)
  4 harpies
  4 ugly things
  4 orc knights
  4 mana vipers
  9 fauns
  5 orc sorcerers
  3 deep elf pyromancers
  8 manticores
  5 cyclopes
  26 black mambas
  12 cane toads
  4 guardian serpents
  7 naga magi
  An ice statue (Gauntlet)
  2 water nymphs
  11 salamanders
  5 merfolk sirens
  An orange demon (D:8)
  A cane toad (shapeshifter) (D:15)
  Maggie (D:7)
  2 komodo dragons
  An efreet (D:14)
  A tengu conjurer (D:15)
  A yaktaur (D:13)
  6 trolls
  The ghost of SpyderV the Trooper, an amateur HOFi (D:4)
  3 polar bears
  5 merfolk
  2 hornets
  7 wind drakes
  A blink frog (shapeshifter) (D:15)
  A raiju (Gauntlet)
  11 blink frogs
  A snapping turtle (shapeshifter) (D:13)
  2 snapping turtles
  5 dream sheep
  A jumping spider (shapeshifter) (D:13)
  A culicivora (Orc:2)
  8 slime creatures
  5 water elementals
  18 yaks
  8 wyverns
  4 basilisks
  4 wraiths
  2 vampires
  3 shadows
  5 steam dragons
  A golden eye (Lair:2)
  4 vampire mosquitoes (D:14)
  13 water moccasins
  5 wargs
  15 nagas
  2 nameless horrors
  2 sky beasts
  5 orc warriors
  3 ice beasts
  5 wolves
  A black bear (D:5)
  8 centaurs
  4 ogres
  4 phantoms
  2 kobold brigands
  7 bullfrogs
  3 scorpions
  A gnoll sergeant (D:8)
  4 wights
  2 troll zombies (D:12)
  7 killer bees
  2 electric eels (Lair:4)
  2 howler monkeys
  3 hounds
  4 jellies
  Crazy Yiuf (D:7)
  A gnoll bouda (D:6)
  8 orc priests
  5 iguanas
  A sleepcap (D:6)
  Natasha (thrice) (D:3)
  4 hell rats (Lair:1)
  19 orc wizards
  A wolf simulacrum (IceCv)
  4 ogre zombies (D:12)
  9 gnolls
  14 adders
  A white imp (D:6)
  2 ufetubi
  2 worms
  4 dart slugs
  37 orcs
  9 ball pythons
  6 bats
  9 endoplasms
  5 goblins
  7 hobgoblins
  3 jackals (D:3)
  6 kobolds
  4 quokkas
  2 frilled lizards
  3 goblin zombies (D:12)
  2 hobgoblin zombies (D:12)
  An orc skeleton (D:12)
  11 orc zombies (D:12)
  9 rats
612 creatures vanquished.

Vanquished Creatures (collateral kills)
  Vashnia (Snake:3)
  Gastronok (D:8)
  Donald (Shoals:3)
  4 nagarajas (Snake:4)
  2 merfolk javelineers
  The ghost of ProzacElf the Victor of a Thousand Battles, a journeyman DsGl of Okawaru (D:10)
  An alligator snapping turtle (Shoals:2)
  4 anacondas
  A two-headed ogre (D:10)
  3 death yaks
  12 naga warriors
  2 boulder beetles
  A shock serpent (Snake:2)
  2 tengu warriors (D:13)
  9 naga sharpshooters
  A sea snake (Shoals:2)
  2 skysharks
  3 salamander mystics
  2 naga ritualists
  2 orc knights (Orc:2)
  3 mana vipers (Snake:2)
  A wolf spider (Lair:5)
  6 harpies
  2 ugly things (D:14)
  2 orc sorcerers
  A salamander (shapeshifter) (D:13)
  4 elephants (Lair:5)
  A cyclops (Orc:2)
  8 naga magi
  7 salamanders
  A guardian serpent (shapeshifter) (D:15)
  4 guardian serpents
  2 ice statues (IceCv)
  A torpor snail (Lair:5)
  9 black mambas
  5 cane toads
  An unseen horror (D:13)
  2 rime drakes
  A komodo dragon (Lair:5)
  A yaktaur (Shoals:1)
  4 merfolk
  A meliai (Lair:3)
  A queen bee (Lair:3)
  2 hornets
  2 nameless horrors (Lair:5)
  2 snapping turtles
  A dream sheep (Shoals:3)
  5 blink frogs
  2 slime creatures
  4 wraiths (D:10)
  2 water elementals (Shoals:2)
  22 yaks
  4 wyverns
  A basilisk (Lair:2)
  A redback (Lair:5)
  A vampire mosquito (D:13)
  A warg (Orc:2)
  20 nagas
  4 water moccasins
  8 orc warriors
  An ogre (Orc:2)
  4 wolves (Lair:1)
  A bullfrog (Lair:1)
  A wight (D:9)
  2 killer bees (Lair:3)
  5 orc priests (Orc:2)
  7 orc wizards
  A hell rat (Lair:1)
  2 polar bear simulacra (IceCv)
  2 gnolls (D:8)
  6 orcs
  An orc zombie (D:12)
  2 tentacles (Shoals:3)
240 creatures vanquished.

Vanquished Creatures (others)
  Frances (D:13)
  A kraken (Shoals:3)
  A yaktaur captain (D:13)
  A hydra (D:11)
  A centaur warrior (D:13)
  A two-headed ogre (D:11)
  A sea snake (Shoals:4)
  A cyclops (D:12)
  3 black mambas
  A water nymph (Shoals:4)
  4 cane toads
  A yaktaur (D:13)
  2 trolls (D:11)
  4 slime creatures (D:14)
  11 yaks
  2 vampire mosquitoes (D:13)
  4 dancing weapons
  3 orc warriors
  A centaur (D:13)
  An orc wizard (Orc:2)
  3 snaplasher vines
  8 spectral weapons
  7 tentacles (Shoals:3)
63 creatures vanquished.

Grand Total: 915 creatures vanquished

Notes
Turn   | Place    | Note
-------+----------+-------------------------------------------
     0 | D:1      | Daunt the Kobold Air Elementalist began the quest for the
                  | Orb.
     0 | D:1      | Reached XP level 1. HP: 10/10 MP: 3/3
   258 | D:1      | Reached XP level 2. HP: 16/16 MP: 0/5
   488 | D:1      | Reached skill level 1 in Fighting
   585 | D:1      | Learned a level 2 spell: Static Discharge
   768 | D:1      | Reached XP level 3. HP: 18/20 MP: 6/6
  1297 | D:2      | Reached XP level 4. HP: 18/25 MP: 1/7
  1698 | D:2      | Reached skill level 1 in Short Blades
  2123 | D:3      | Reached XP level 5. HP: 29/29 MP: 8/8
  2148 | D:3      | Noticed Natasha
  2153 | D:3      | Killed Natasha
  2372 | D:3      | Found a faded altar of an unknown god.
  2376 | D:3      | Prayed at the altar of an unknown god.
  2376 | D:3      | Became a worshipper of Nemelex Xobeh the Trickster
  2376 | D:3      | Reached * piety under Nemelex Xobeh
  2376 | D:3      | Received a gift from Nemelex Xobeh
  2396 | D:3      | Found a bloodstained altar of Trog.
  2463 | D:3      | Found Fififol's Distillery.
  2468 | D:3      | Bought a potion of heal wounds for 60 gold pieces
  2468 | D:3      | Bought a potion of curing for 36 gold pieces
  2685 | D:3      | Noticed Natasha
  2689 | D:3      | Killed Natasha
  2723 | D:3      | Noticed Natasha
  2737 | D:3      | Killed Natasha
  2738 | D:3      | Reached XP level 6. HP: 26/34 MP: 1/9
  2911 | D:4      | Learned a level 3 spell: Swiftness
  3041 | D:4      | Reached skill level 5 in Short Blades
  3128 | D:4      | Reached ** piety under Nemelex Xobeh
  3239 | D:4      | Found a transporter.
  3279 | D:4      | Reached XP level 7. HP: 22/38 MP: 0/11
  3389 | D:4      | Received a gift from Nemelex Xobeh
  3634 | D:4      | Reached skill level 1 in Invocations
  4076 | D:4      | Found a staircase to the Ecumenical Temple.
  4202 | D:5      | Entered Level 5 of the Dungeon
  4392 | D:5      | Received a gift from Nemelex Xobeh
  4741 | D:5      | Reached XP level 8. HP: 43/43 MP: 12/12
  4797 | D:5      | Reached skill level 5 in Air Magic
  4868 | D:5      | Reached *** piety under Nemelex Xobeh
  4967 | D:5      | Reached skill level 5 in Invocations
  5239 | D:6      | Found a basalt altar of Yredelemnul.
  5376 | D:6      | Reached skill level 1 in Armour
  5640 | D:6      | Reached skill level 5 in Stealth
  5733 | D:6      | Found a broken altar of Ashenzari.
  5740 | D:6      | Found a hide-covered altar of Uskayaw.
  5797 | D:6      | Reached XP level 9. HP: 10/50 MP: 2/13
  6374 | D:6      | Found Tebuq's Antique Armour Shop.
  6441 | D:6      | Reached skill level 5 in Dodging
  6465 | D:6      | Found a sparkling altar of Nemelex Xobeh.
  6526 | D:6      | Found a sparkling altar of Nemelex Xobeh.
  6770 | D:7      | Noticed Joseph
  7022 | D:7      | Noticed a hornet
  7026 | D:7      | Killed a hornet
  7052 | D:7      | Reached skill level 5 in Fighting
  7107 | D:7      | Noticed Maggie
  7168 | D:7      | Killed Maggie
  7460 | D:7      | Found a runed translucent door.
  7463 | D:7      | Noticed Crazy Yiuf
  7468 | D:7      | Killed Crazy Yiuf
  7469 | D:7      | Reached skill level 10 in Short Blades
  7570 | D:8      | Noticed Gastronok
  7681 | D:7      | Joseph changed into Joseph the sky beast
  7681 | D:7      | Noticed Joseph
  7701 | D:7      | Killed Joseph the sky beast
  7819 | D:7      | Reached XP level 10. HP: 44/59 MP: 6/15
  7964 | D:8      | Noticed an orange demon
  7966 | D:8      | Noticed Amaemon
  7975 | D:8      | Killed an orange demon
  8221 | D:8      | Noticed Erica
  8234 | D:8      | Killed Erica
  8342 | D:8      | Identified the +11 dagger of the Harvest {flame, Will++}
  8716 | D:8      | Learned a level 4 spell: Summon Lightning Spire
  8750 | D:8      | Reached skill level 1 in Summonings
  8876 | D:8      | Reached skill level 2 in Summonings
  9035 | D:8      | Killed Amaemon
  9036 | D:8      | Reached skill level 4 in Summonings
  9165 | D:8      | Reached **** piety under Nemelex Xobeh
  9211 | D:8      | Received a gift from Nemelex Xobeh
  9612 | D:9      | Reached skill level 5 in Summonings
  9625 | D:9      | Learned a level 3 spell: Call Canine Familiar
  9721 | D:9      | Reached XP level 11. HP: 63/63 MP: 14/17
  9759 | D:9      | Found a sacrificial altar of Ru.
  9841 | D:9      | Reached skill level 1 in Evocations
 10065 | D:9      | Found a staircase to the Lair.
 10371 | D:10     | Entered Level 10 of the Dungeon
 10509 | D:3      | Bought a potion of resistance for 120 gold pieces
 10509 | D:3      | Bought a potion of haste for 120 gold pieces
 10509 | D:3      | Bought a potion of cancellation for 96 gold pieces
 10633 | D:10     | Received a gift from Nemelex Xobeh
 10634 | D:10     | Noticed a two-headed ogre
 10647 | D:10     | Killed a two-headed ogre
 10739 | D:10     | Found a runed translucent gate.
 10739 | D:10     | Noticed a nine-headed hydra
 10740 | D:10     | Found a runed translucent gate.
 10740 | D:10     | Noticed ProzacElf's ghost (journeyman DsGl)
 10741 | D:10     | Found a runed translucent gate.
 10742 | D:10     | Noticed a 12-headed hydra
 10742 | D:10     | Noticed Josephine
 10759 | D:10     | Reached skill level 6 in Summonings
 10762 | D:10     | Reached skill level 5 in Evocations
 10985 | D:10     | Reached ***** piety under Nemelex Xobeh
 11011 | D:10     | Killed Josephine
 11157 | D:10     | Noticed Fannar
 11165 | D:10     | Banished Fannar
 11166 | D:10     | Reached skill level 5 in Spellcasting
 11614 | D:10     | Received a gift from Nemelex Xobeh
 11820 | D:10     | Found Fonemil's Distillery.
 11898 | D:10     | Noticed Harold
 11968 | D:10     | Found Juemet's Book Emporium.
 11990 | D:10     | Bought a potion of degeneration for 11 gold pieces
 12428 | Lair:1   | Entered Level 1 of the Lair of Beasts
 12454 | Lair:1   | Identified the staff of death "Erib" {rElec rN+}
 12484 | Lair:1   | Reached XP level 12. HP: 71/71 MP: 19/19
 12496 | Lair:1   | Learned a level 2 spell: Blink
 12583 | Lair:1   | Reached skill level 1 in Translocations
 12805 | Lair:1   | Received a gift from Nemelex Xobeh
 13537 | Lair:1   | Reached skill level 7 in Summonings
 13885 | Lair:2   | Received a gift from Nemelex Xobeh
 14607 | Lair:2   | Received a gift from Nemelex Xobeh
 14918 | Lair:3   | Reached XP level 13. HP: 77/78 MP: 20/20
 14928 | Lair:3   | Found the +8 whip "Snakebite" {venom, curare, rPois}
 15083 | Lair:3   | Reached skill level 8 in Summonings
 15132 | Lair:3   | Reached skill level 5 in Armour
 15150 | Lair:3   | Received a gift from Nemelex Xobeh
 15402 | Lair:3   | Found a transporter.
 15403 | Lair:3   | Found a transporter.
 15410 | Lair:3   | Noticed Kalaber's ghost (journeyman TrFi)
 15500 | Lair:3   | Found a staircase to the Snake Pit.
 15626 | Lair:3   | Received a gift from Nemelex Xobeh
 15642 | Lair:3   | Found a staircase to the Shoals.
 16200 | Lair:3   | Learned a level 4 spell: Airstrike
 16278 | Lair:4   | Found a gate leading to a gauntlet.
 16301 | Gauntlet | Entered a Gauntlet
 16301 | Gauntlet | Found a transporter.
 16301 | Gauntlet | Found a large runed translucent door.
 16301 | Gauntlet | Found a large runed translucent door.
 16302 | Gauntlet | Found a large runed translucent door.
 16302 | Gauntlet | Found a large runed translucent door.
 16303 | Gauntlet | Found a large runed translucent door.
 16303 | Gauntlet | Found a runed translucent door.
 16303 | Gauntlet | Found a large runed translucent door.
 16303 | Gauntlet | Found a runed translucent door.
 16308 | Gauntlet | Found a large runed translucent door.
 16309 | Gauntlet | Found a large runed translucent door.
 16310 | Gauntlet | Found a large runed translucent door.
 16310 | Gauntlet | Found a large runed translucent door.
 16331 | Gauntlet | Found a transporter.
 16339 | Gauntlet | Found a transporter.
 16346 | Gauntlet | Found a transporter.
 16368 | Gauntlet | Found a transporter.
 16398 | Gauntlet | Found a transporter.
 16417 | Gauntlet | Found a transporter.
 16428 | Gauntlet | Found a transporter.
 16458 | Gauntlet | Found a transporter.
 16470 | Gauntlet | Noticed a catoblepas
 16477 | Gauntlet | Found a transporter.
 16488 | Gauntlet | Found a transporter.
 16519 | Gauntlet | Found a transporter.
 16541 | Gauntlet | Found a transporter.
 16554 | Gauntlet | Found a transporter.
 16558 | Gauntlet | Found a transporter.
 16577 | Gauntlet | Found a large runed translucent door.
 16578 | Gauntlet | Found a large runed translucent door.
 16579 | Gauntlet | Found a large runed translucent door.
 16580 | Gauntlet | Found a large runed translucent door.
 16581 | Gauntlet | Found a large runed translucent door.
 16581 | Gauntlet | Found a large runed translucent door.
 16584 | Gauntlet | Found the +10 Black Knight's barding {ponderous, rPois rN+}
 16588 | Gauntlet | Found a transporter.
 16619 | Gauntlet | Found a runed translucent gate.
 16619 | Gauntlet | Found a runed translucent gate.
 16619 | Gauntlet | Found a runed translucent gate.
 16623 | Gauntlet | Found a transporter.
 16800 | Gauntlet | Found a transporter.
 16985 | Gauntlet | Identified the amulet "Rukhog" {Reflect rPois Dex+2 SH+5}
 17013 | Gauntlet | Learned a level 3 spell: Summon Guardian Golem
 17019 | Gauntlet | Identified the +10 scimitar of the Thing {spect, Fly rElec
                  | Str+3}
 17019 | Gauntlet | Noticed a minotaur
 17071 | Gauntlet | Killed a minotaur
 17072 | Gauntlet | Reached skill level 1 in Hexes
 17097 | Gauntlet | Identified the +6 chain mail of the Gusle {*Slow Fly rElec
                  | Regen+}
 17339 | Lair:4   | Received a gift from Nemelex Xobeh
 17681 | D:3      | Bought a potion of ambrosia for 96 gold pieces
 17681 | D:3      | Bought a potion of lignification for 36 gold pieces
 17954 | D:11     | You fall into a shaft and drop 1 floor!
 18016 | D:12     | Learned a level 3 spell: Tukima's Dance
 18090 | D:12     | Noticed Erolcha
 18094 | D:12     | Killed Erolcha
 18503 | D:11     | Received a gift from Nemelex Xobeh
 18727 | D:11     | Found the +1 robe of Vines {NoPotionHeal Regen++++}
 18752 | D:11     | Reached skill level 10 in Invocations
 18752 | D:11     | Reached XP level 14. HP: 71/86 MP: 12/24
 19004 | D:11     | Reached ****** piety under Nemelex Xobeh
 19412 | D:12     | Received a gift from Nemelex Xobeh
 19777 | D:12     | Reached skill level 5 in Hexes
 19970 | D:12     | Found a staircase to the Orcish Mines.
 20127 | D:13     | Found a frozen archway.
 20159 | IceCv    | Entered an ice cave
 20237 | IceCv    | Found a transporter.
 20260 | IceCv    | Found a transporter.
 20787 | D:13     | Reached skill level 1 in Shields
 20967 | D:13     | Received a gift from Nemelex Xobeh
 21093 | D:13     | Noticed Frances
 21099 | D:13     | Found a gate to the Vaults.
 21438 | Orc:1    | Entered Level 1 of the Orcish Mines
 21483 | Orc:2    | Entered Level 2 of the Orcish Mines
 21769 | Orc:2    | Received a gift from Nemelex Xobeh
 22184 | Orc:2    | Found a staircase to the Elven Halls.
 22391 | Orc:2    | Received a gift from Nemelex Xobeh
 22392 | Orc:2    | Found an iron altar of Okawaru.
 22536 | Orc:2    | Reached skill level 5 in Shields
 23423 | Orc:2    | Received a gift from Nemelex Xobeh
 23594 | Orc:2    | Reached XP level 15. HP: 92/92 MP: 20/25
 23885 | Orc:2    | Found Orghu's Distillery.
 23886 | Orc:2    | Found Paoryhuqa's Antique Armour Shop.
 23910 | Orc:2    | Found Alagoac's Magic Scroll Shop.
 23912 | Orc:2    | Found Zuciv's Antique Armour Shoppe.
 23917 | Orc:2    | Bought a runed cloak for 232 gold pieces
 23930 | Orc:2    | Bought a scroll of identify for 32 gold pieces
 23930 | Orc:2    | Bought a scroll of identify for 32 gold pieces
 23930 | Orc:2    | Bought a scroll of identify for 32 gold pieces
 24264 | D:10     | Bought a book of the Wilderness for 608 gold pieces
 24423 | Lair:4   | Reached skill level 9 in Summonings
 24508 | Lair:4   | Received a gift from Nemelex Xobeh
 24695 | Lair:4   | Received a gift from Nemelex Xobeh
 25177 | Lair:4   | Found a viscous altar of Jiyva.
 25178 | Lair:4   | Found a staircase to the Slime Pits.
 25615 | Lair:5   | Entered Level 5 of the Lair of Beasts
 25690 | Lair:5   | Noticed Nessos
 25733 | Lair:5   | Reached skill level 10 in Summonings
 25739 | Lair:5   | Killed Nessos
 25778 | Lair:4   | Learned a level 6 spell: Summon Cactus Giant
 26042 | Lair:5   | Received a gift from Nemelex Xobeh
 26363 | Lair:5   | Reached skill level 11 in Summonings
 26538 | Lair:5   | Noticed Urug
 26652 | Lair:5   | Killed Urug
 27651 | D:13     | Killed Frances
 27652 | D:13     | Reached skill level 12 in Summonings
 27652 | D:13     | Reached XP level 16. HP: 64/97 MP: 8/29
 27791 | D:13     | Received a gift from Nemelex Xobeh
 28215 | D:14     | Found a viscous altar of Jiyva.
 28221 | D:14     | Reached skill level 10 in Fighting
 28243 | D:14     | Identified the +0 scale mail of the Elephant {*Slow rC+++
                  | Dex-5 Stlth+}
 28632 | D:14     | Received a gift from Nemelex Xobeh
 28773 | D:14     | Found a glowing golden altar of the Shining One.
 29244 | D:15     | Entered Level 15 of the Dungeon
 29359 | D:15     | Received a gift from Nemelex Xobeh
 29508 | D:15     | Found a staircase to the Depths.
 29660 | D:15     | Reached skill level 10 in Dodging
 29894 | D:15     | Found a glowing silver altar of Zin.
 30417 | D:10     | Killed Harold
 30596 | D:10     | Killed ProzacElf's ghost
 30701 | D:10     | Received a gift from Nemelex Xobeh
 30925 | D:9      | Identified the +2 broad axe of Accord {protect, *Slow rF-
                  | Dex+9 Stlth+}
 30926 | D:9      | Identified the staff of air "Zaggygida" {rElec rCorr}
 31134 | D:8      | Killed Gastronok
 31466 | D:4      | Identified the +4 giant spiked club of Ixzuocve {holy,
                  | *Slow +Blink Int+3 Dex+5}
 31468 | D:4      | Noticed SpyderV's ghost (amateur HOFi)
 31482 | D:4      | Killed SpyderV's ghost
 31489 | D:4      | Found a transporter.
 31750 | Lair:3   | Killed Kalaber's ghost
 31822 | Shoals:1 | Entered Level 1 of the Shoals
 31967 | Shoals:1 | Noticed a kraken
 32166 | Shoals:1 | Found Maneelu's Antique Weapon Shop.
 32371 | Shoals:1 | Noticed Nikola
 32403 | Shoals:1 | Nikola changed into Nikola the shadow dragon
 32403 | Shoals:1 | Noticed Nikola
 32407 | Shoals:1 | Killed Nikola the shadow dragon
 32892 | Shoals:1 | Received a gift from Nemelex Xobeh
 32986 | Shoals:2 | Noticed Polyphemus
 32994 | Shoals:1 | Reached skill level 1 in Long Blades
 33089 | Shoals:1 | Reached XP level 17. HP: 43/104 MP: 26/30
 33371 | Shoals:2 | Received a gift from Nemelex Xobeh
 33731 | Shoals:2 | Found Seoceidgh's Armour Boutique.
 33784 | Shoals:2 | Killed Polyphemus
 33836 | Shoals:2 | Reached skill level 10 in Spellcasting
 34794 | Shoals:3 | Noticed a kraken
 34908 | Shoals:3 | Identified the +4 flail of the Winnowing Weasel {freeze,
                  | *Noise Drain rElec Int+9}
 34943 | Shoals:3 | Received a gift from Nemelex Xobeh
 35109 | Shoals:3 | Noticed Donald
 35121 | Shoals:3 | Killed Donald
 35296 | Shoals:3 | Reached skill level 10 in Stealth
 35679 | Shoals:4 | Entered Level 4 of the Shoals
 35722 | Shoals:4 | Identified 2 scrolls of acquirement
 35734 | Shoals:3 | Acquired 262 gold pieces
 35736 | Shoals:3 | Acquired a +1 quick blade of venom
 36342 | Shoals:3 | Learned a level 5 spell: Summon Forest
 36380 | Shoals:4 | HP: 3/106 [sea snake (18)]
 36683 | Shoals:3 | Killed a kraken
 36985 | Snake:1  | Entered Level 1 of the Snake Pit
 37051 | Snake:1  | Reached skill level 13 in Summonings
 37334 | Snake:1  | Received a gift from Nemelex Xobeh
 37548 | Snake:1  | Reached XP level 18. HP: 111/112 MP: 20/32
 37845 | Snake:1  | Received a gift from Nemelex Xobeh
 38036 | Snake:1  | Received a gift from Nemelex Xobeh
 38378 | Snake:2  | Learned a level 7 spell: Summon Hydra
 38524 | Snake:2  | Found Musuy's Assorted Antiques.
 38524 | Snake:2  | Found Gumor's General Store.
 38554 | Snake:2  | Found Yzid's General Store.
 38556 | Snake:2  | Received a gift from Nemelex Xobeh
 38614 | Snake:2  | Bought a scroll of blinking for 120 gold pieces
 38690 | Snake:2  | Reached skill level 14 in Summonings
 39779 | Snake:3  | Noticed Vashnia
 40013 | Snake:3  | Killed Vashnia
 40243 | Snake:3  | Received a gift from Nemelex Xobeh
 40399 | Snake:3  | Identified the +4 scale mail of the Crushed Quests {Rampage
                  | rC+ rCorr}
 40816 | Snake:3  | Received a gift from Nemelex Xobeh
 40864 | Snake:3  | Identified the +7 chain mail "Bunaluah" {Int+2}
 41332 | Snake:4  | Entered Level 4 of the Snake Pit
 41379 | Snake:4  | Got Rovoq's Directory of Mud and the Tesseract
 41525 | Snake:4  | Received a gift from Nemelex Xobeh
 41975 | Snake:4  | Reached XP level 19. HP: 112/116 MP: 4/33
 42363 | Snake:4  | Reached skill level 15 in Summonings
 42883 | Snake:4  | Killed from afar by a quicksilver dragon

Illustrated notes

Levels and vault maps discovered:
D:1:      nagdon_arrival_double_spiral, layout_basic
D:2:      layout_loops_ring, minmay_tromino_i4
D:3:      layout_rooms, mainiacjoe_overflow_catwalk, serial_shops, shop,
          shapermc_ecumenical_altar_acropolis, uniq_natasha
D:4:      layout_layer_cave, minmay_temple_entry_poolview,
          gammafunk_ghost_smash, minmay_misc_feat_iff, minmay_misc_feat_tiny,
          minmay_misc_feat_square, serial_bayou_ford_a, minivault_4
D:5:      layout_loops_corners
D:6:      layout_rooms, grunt_temple_overflow_open, serial_shops, shop,
          hangedman_feature_mirror, chequers_serial_rivers_small_b
D:7:      layout_rooms, uniq_crazy_yiuf_cottage, uniq_maggie, uniq_joseph
D:8:      layout_rooms, uniq_erica, uniq_gastronok, uniq_amaemon
D:9:      layout_cave_pools, mainiacjoe_overflow_alcove_4,
          erik_lair_orcish_takeover, onia_ninara_dug_in_and_dangerous
D:10:     layout_big_octagon, gammafunk_ghost_hydra_chop, serial_shops, shop,
          nicolae_shop_peninsula, uniq_harold, uniq_fannar, uniq_josephine
D:11:     layout_gridville, corexii_corridor_pit, hellmonk_guarded_unrand_vines
D:12:     layout_irregular_city, zombieorc1_lemuel, uniq_erolcha
D:13:     layout_long_grid, david_vaults_2, portal_ice_cave_entry_pillars_1,
          argonaut_gorgonesque, uniq_frances
D:14:     layout_basic, tso_metal_star, jiyva_altar_1
D:15:     hangedman_depths_entry_civil_slaughter, layout_loops_ring,
          zin_scriptorium
Lair:1:   layout_roguey, lemuel_old_faithful, grunt_megastairs_1
Lair:2:   layout_roguey, hangedman_lair_unloving_vines, minmay_holes
Lair:3:   minmay_guarded_unrand_snakebite, layout_regular_city,
          minmay_shoals_entry_hut, dummy_snake_entry, gammafunk_ghost_hive
Lair:4:   layout_regular_city, minmay_slime_entry_pillars,
          gauntlet_entry_generic, serial_bayou_shore_a,
          infiniplex_staircase_pool_2
Lair:5:   hangedman_lair_tendril_chambers, layout_misc_corridors, uniq_nessos,
          uniq_urug
Shoals:1: layout_shoals, serial_shops, shop_fountains, uniq_nikola
Shoals:2: layout_shoals, nicolae_take_the_stairs, uniq_polyphemus
Shoals:3: layout_shoals, uniq_donald
Shoals:4: shoals_end_simple, layout_shoals, uniq_mara
Snake:1:  layout_onion, grunt_megastairs_5
Snake:2:  cheibrodos_forgotten_conduit, layout_concentric_octagons,
          st_stairs_10, nicolae_coiled_stairwell_down, minmay_shop_star
Snake:3:  layout_gridlike, uniq_vashnia
Snake:4:  hellmonk_snake_rune_quicksilver_temple, layout_cave_town
Orc:1:    layout_diamond_mine
Orc:2:    st_orc_elflike, layout_caves, okawaru_metal_pillars_1_2

Skill      XL: |  1  2  3  4  5  6  7  8  9 10 11 12 13 14 15 16 17 18 19 |
---------------+----------------------------------------------------------+-----
Stealth        | 3 4 5 6 8 9 10 | 10.3
Fighting       | 1 3 5 6 7 9 10 12 | 12.1
Dodging        | 3 4 5 6 7 8 9 10 11 12 | 12.3
Conjurations   | 2 3 |  3.0
Short Blades   | 2 4 5 6 7 10 | 10.0
Spellcasting   | 3 4 5 7 9 10 | 10.8
Air Magic      | 4 5 6 7 8 |  8.0
Invocations    | 2 5 7 8 10 11 12 13 14 | 14.2
Armour         | 1 2 3 4 5 6 7 8 9 |  9.0
Summonings     | 5 6 7 8 12 13 14 15 | 15.0
Evocations     | 5 6 8 |  8.0
Translocations | 3 |  3.0
Hexes          | 4 5 |  5.0
Shields        | 6 |  6.0
Long Blades    | 1 2 |  2.9

Action                     |  1- 3 |  4- 6 |  7- 9 | 10-12 | 13-15 | 16-18 | 19-21 || total
---------------------------+-------+-------+-------+-------+-------+-------+-------++-------
  Melee: Unarmed           |    15 |       |       |       |       |       |       ||    15
         Punch             |     1 |     1 |     2 |     2 |     5 |       |       ||    11
         Dagger            |    29 |    47 |       |   238 |   775 |   274 |       ||  1363
         Short sword       |       |    12 |   106 |    25 |       |       |       ||   143
         Scimitar          |       |       |       |       |       |   268 |     6 ||   274
         Quick blade       |       |       |       |       |       |   560 |    83 ||   643
  Throw: Dart              |       |       |     3 |       |       |       |       ||     3
   Cast: Shock             |    39 |    50 |    84 |   122 |   114 |    38 |     8 ||   455
         Static Discharge  |       |    12 |    28 |    17 |     1 |       |       ||    58
         Summon Lightning  |       |       |       |    27 |    57 |    16 |       ||   100
         Call Canine Famil |       |       |       |     9 |    40 |     1 |       ||    50
         Summon Guardian G |       |       |       |       |    52 |    17 |       ||    69
         Blink             |       |       |       |       |     5 |     5 |     1 ||    11
         Swiftness         |       |       |       |       |     2 |       |       ||     2
         Airstrike         |       |       |       |       |     8 |    29 |       ||    37
         Tukima's Dance    |       |       |       |       |    23 |    31 |       ||    54
         Summon Cactus Gia |       |       |       |       |    14 |    78 |     3 ||    95
         Summon Forest     |       |       |       |       |       |    14 |     1 ||    15
         Summon Hydra      |       |       |       |       |       |    30 |    13 ||    43
 Invoke: Draw Destruction  |       |       |     7 |    13 |       |     9 |       ||    29
         Draw Escape       |       |       |     5 |     6 |     2 |     2 |       ||    15
         Draw Summoning    |       |       |     1 |     2 |     7 |     2 |       ||    12
         Deal Four         |       |       |       |       |     2 |       |       ||     2
         Stack Five        |       |       |       |       |     1 |       |       ||     1
         Draw Stack        |       |       |       |       |     1 |     1 |       ||     2
  Evoke: Wand              |       |       |       |       |     9 |     6 |       ||    15
         Lightning rod     |       |       |       |       |     2 |       |       ||     2
         Phial of floods   |       |       |       |       |       |     1 |       ||     1
    Use: Potion            |       |     1 |     2 |     4 |     3 |       |     1 ||    11
         Scroll            |       |       |     2 |     9 |    13 |    21 |     1 ||    46
   Stab: Sleeping          |    11 |    17 |    23 |    13 |    36 |    56 |     1 ||   157
         Distracted        |       |       |     1 |     7 |    15 |    21 |     2 ||    46
         Petrified         |       |       |       |       |     2 |     3 |       ||     5
 Armour: Robe              |    13 |    19 |    27 |    34 |    53 |    77 |     3 ||   226
         Swamp dragon scal |       |       |       |    22 |     7 |       |       ||    29
  Dodge: Dodged            |    56 |    47 |    93 |   219 |   407 |   454 |    30 ||  1306
  Block: Other             |       |       |       |       |    35 |       |       ||    35
         Buckler           |       |       |       |       |   184 |   416 |    26 ||   626
         Reflection        |       |       |       |       |     8 |    32 |     9 ||    49
